SAA
TACOMA FUR TRADERS @ LANCASTER FARMERS
05/28/2024
 
TOP OF THE 1ST
Virginia Beach Deuces batting - Pitching for Irving Blue Sox : RHP Bob Baker
Pitching: RHP Bob Baker
Batting: RHB Armando García 0-0: Ball
1-0: Ball
2-0: Ball
3-0: Base on Balls
Batting: LHB Perry Bothof 0-0: Ball
1-0: Called Strike
1-1: Ball
2-1: SINGLE (Groundball, 4MD)
Armando García to second
Runner from 2nd tries for 3rd, SAFE, throw made to third
Batting: SHB Vincente Ybarra 0-0: Ball
1-0: Swinging Strike
1-1: Foul Ball, location: 2F
1-2: Foul Ball, location: 2F
1-2: Ball
2-2: Ball
3-2: SINGLE (Groundball, 3L)
Armando García scores
Perry Bothof to second
Runner from 2nd tries for 3rd, OUT!
Batting: RHB Luis Jelarde 0-0: Ball
1-0: Called Strike
1-1: Foul Ball, location: 2F
1-2: Foul Ball, location: 2F
1-2: Grounds into double play, 6-4-3 (Groundball, 6)
Top of the 1st over - 1 run(s), 2 hit(s), 0 error(s), 0 left on base; Virginia Beach 1 - Irving 0
BOTTOM OF THE 1ST
Irving Blue Sox batting - Pitching for Virginia Beach Deuces : RHP Joseph Reed
Pitching: RHP Joseph Reed
Batting: RHB Jarred Morgan 0-0: Called Strike
0-1: Ground out 5-3 (Groundball, 5S)
Batting: SHB Ricardo Franco 0-0: Called Strike
0-1: Ball
1-1: DOUBLE (Line Drive, 8RM)
Batting: LHB Esteban Casillas 0-0: Called Strike
0-1: SINGLE (Line Drive, 4MD)
Ricardo Franco to third
Batting: RHB Arturo Mateo 0-0: Ball
1-0: Foul Ball, location: 2F
1-1: DOUBLE (Line Drive, 7LM)
Ricardo Franco scores
Esteban Casillas to third
Batting: RHB Carlos Maldonado 0-0: Fly out, F8 (Line Drive, 8RM)
Runner from 3rd tags up, SCORES, throw made
Batting: SHB Arnold Cramer 0-0: Fly out, F4 (Popup, 89S)
Bottom of the 1st over - 2 run(s), 3 hit(s), 0 error(s), 1 left on base; Virginia Beach 1 - Irving 2
TOP OF THE 2ND
Virginia Beach Deuces batting - Pitching for Irving Blue Sox : RHP Bob Baker
Batting: LHB Raúl Aguirre 0-0: Called Strike
0-1: Ground out 4-3 (Groundball, 4)
Batting: RHB Herman Cook 0-0: Called Strike
0-1: Ball
1-1: Called Strike
1-2: Ground out 6-3 (Groundball, 6)
Batting: LHB Jeff Rutherford 0-0: Ball
1-0: Swinging Strike
1-1: Called Strike
1-2: Strikes out looking
Top of the 2nd over - 0 run(s), 0 hit(s), 0 error(s), 0 left on base; Virginia Beach 1 - Irving 2
BOTTOM OF THE 2ND
Irving Blue Sox batting - Pitching for Virginia Beach Deuces : RHP Joseph Reed
Batting: RHB Rafael Delgado 0-0: Ball
1-0: Swinging Strike
1-1: Foul Ball, location: 2F
1-2: Strikes out swinging
Batting: RHB Gilberto Díaz 0-0: Fly out, F3 (Popup, 3SF)
Batting: LHB Carlos Garza 0-0: Called Strike
0-1: Called Strike
0-2: Fly out, F7 (Line Drive, 78M)
Bottom of the 2nd over - 0 run(s), 0 hit(s), 0 error(s), 0 left on base; Virginia Beach 1 - Irving 2
TOP OF THE 3RD
Virginia Beach Deuces batting - Pitching for Irving Blue Sox : RHP Bob Baker
Batting: RHB José Bravo 0-0: Called Strike
0-1: Ground out 5-3 (Groundball, 5)
Batting: RHB Dana Akers 0-0: Called Strike
0-1: Ball
1-1: Foul Ball, location: 2F
1-2: Strikes out swinging
Batting: RHB Armando García 0-0: SINGLE (Groundball, 56)
Batting: LHB Perry Bothof 0-0: Fielders Choice at 2nd, U4 (Groundball, 4M)
Top of the 3rd over - 0 run(s), 1 hit(s), 0 error(s), 1 left on base; Virginia Beach 1 - Irving 2
BOTTOM OF THE 3RD
Irving Blue Sox batting - Pitching for Virginia Beach Deuces : RHP Joseph Reed
Batting: RHB Jarred Morgan 0-0: Ball
1-0: Ball
2-0: Swinging Strike
2-1: DOUBLE (Line Drive, 7LM)
Batting: SHB Ricardo Franco 0-0: Ball
1-0: Swinging Strike
1-1: Foul Ball, location: 2F
1-2: Strikes out swinging
Batting: LHB Esteban Casillas 0-0: Called Strike
0-1: Ball
1-1: Called Strike
1-2: Hit by Pitch
Batting: RHB Arturo Mateo 0-0: Ball
1-0: Called Strike
1-1: Ball
2-1: Called Strike
2-2: Ball
3-2: Foul Ball, location: 2F
3-2: Foul Ball, location: 2F
3-2: SINGLE (Groundball, 6M)
Jarred Morgan to third
Esteban Casillas to second
Runner from 3rd tries for Home, SAFE, throw made at trailing runner, SAFE at third!
Batting: RHB Carlos Maldonado 0-0: Called Strike
0-1: SINGLE (Line Drive, 6MD)
Esteban Casillas scores
Arturo Mateo to second
Batting: SHB Arnold Cramer 0-0: Called Strike
0-1: Called Strike
0-2: Fielders Choice at 2nd, 3-6 (Groundball, 3)
Arturo Mateo to third
Batting: RHB Rafael Delgado 0-0: Ground out 6-3 (Groundball, 6)
Bottom of the 3rd over - 2 run(s), 3 hit(s), 0 error(s), 2 left on base; Virginia Beach 1 - Irving 4
TOP OF THE 4TH
Virginia Beach Deuces batting - Pitching for Irving Blue Sox : RHP Bob Baker
Batting: SHB Vincente Ybarra 0-0: Ball
1-0: Called Strike
1-1: Called Strike
1-2: Foul Ball, location: 2F
1-2: Ball
2-2: Ball
3-2: Base on Balls
Batting: RHB Luis Jelarde 0-0: Called Strike
0-1: Ball
1-1: Foul Ball, location: 2F
1-2: Ball
2-2: Ball
3-2: SINGLE (Line Drive, 56D)
Vincente Ybarra to second
Vincente Ybarra to third
Batting: LHB Raúl Aguirre 0-0: Called Strike
0-1: Ball
1-1: SINGLE (Groundball, 34)
Vincente Ybarra scores
Luis Jelarde to second
Runner from 2nd tries for 3rd, SAFE, throw made to third
Batting: RHB Herman Cook 0-0: Ball
1-0: Foul Ball, location: 2F
1-1: Grounds into double play, 4-6-3 (Groundball, 4)
Luis Jelarde scores
Batting: LHB Jeff Rutherford 0-0: Foul Ball, location: 2F
0-1: Ball
1-1: Ground out U3 (Groundball, 3S)
Top of the 4th over - 2 run(s), 2 hit(s), 0 error(s), 0 left on base; Virginia Beach 3 - Irving 4
BOTTOM OF THE 4TH
Irving Blue Sox batting - Pitching for Virginia Beach Deuces : RHP Joseph Reed
Batting: RHB Gilberto Díaz 0-0: Fly out, F8 (Line Drive, 8RD)
Batting: LHB Carlos Garza 0-0: Ball
1-0: Foul Ball, location: 2F
1-1: Foul Ball, location: 2F
1-2: Ball
2-2: Foul Ball, location: 2F
2-2: Foul Ball, location: 2F
2-2: Strikes out swinging
Batting: RHB Jarred Morgan 0-0: Called Strike
0-1: Ball
1-1: Ball
2-1: Ball
3-1: Foul Ball, location: 2F
3-2: Fly out, F4 (Popup, 4)
Bottom of the 4th over - 0 run(s), 0 hit(s), 0 error(s), 0 left on base; Virginia Beach 3 - Irving 4
TOP OF THE 5TH
Virginia Beach Deuces batting - Pitching for Irving Blue Sox : RHP Bob Baker
Batting: RHB José Bravo 0-0: Ball
1-0: Called Strike
1-1: Ball
2-1: Foul Ball, location: 2F
2-2: Strikes out looking
Batting: RHB Dana Akers 0-0: SINGLE (Groundball, 34D)
Batting: RHB Armando García 0-0: Swinging Strike
0-1: Called Strike
0-2: Foul Ball, location: 2F
0-2: Strikes out looking
Batting: LHB Perry Bothof 0-0: Ball
Dana Akers is caught stealing 2nd base
Top of the 5th over - 0 run(s), 1 hit(s), 0 error(s), 0 left on base; Virginia Beach 3 - Irving 4
BOTTOM OF THE 5TH
Irving Blue Sox batting - Pitching for Virginia Beach Deuces : RHP Joseph Reed
Batting: SHB Ricardo Franco 0-0: Swinging Strike
0-1: Ball
1-1: Ball
2-1: Ball
3-1: Called Strike
3-2: Foul Ball, location: 2F
3-2: Base on Balls
Batting: LHB Esteban Casillas 0-0: SINGLE (Groundball, 4M)
Ricardo Franco to second
Runner from 2nd tries for 3rd, SAFE, throw made to third
Batting: RHB Arturo Mateo 0-0: Ball
1-0: Foul Ball, location: 2F
1-1: Swinging Strike
1-2: Fly out, F7 (Flyball, 78M)
Batting: RHB Carlos Maldonado 0-0: Swinging Strike
0-1: Ball
1-1: Foul Ball, location: 2F
1-2: Foul Ball, location: 2F
1-2: Ball
2-2: Fly out, F8 (Flyball, 8LM)
Runner from 3rd tags up, SCORES, throw made
Batting: SHB Arnold Cramer 0-0: Ball
1-0: Foul Ball, location: 2F
1-1: Ball
2-1: Swinging Strike
2-2: Ground out 1-3 (Groundball, 13S)
Bottom of the 5th over - 1 run(s), 1 hit(s), 0 error(s), 1 left on base; Virginia Beach 3 - Irving 5
TOP OF THE 6TH
Virginia Beach Deuces batting - Pitching for Irving Blue Sox : RHP Bob Baker
Batting: LHB Perry Bothof 0-0: Ball
1-0: Ball
2-0: Foul Ball, location: 2F
2-1: Foul Ball, location: 2F
2-2: Ball
3-2: SINGLE (Groundball, 34)
Batting: SHB Vincente Ybarra 0-0: Foul Ball, location: 2F
0-1: Foul Ball, location: 2F
0-2: Strikes out swinging
Batting: RHB Luis Jelarde 0-0: Ball
1-0: Ball
2-0: Called Strike
2-1: Foul Ball, location: 2F
2-2: Ball
3-2: Base on Balls
Perry Bothof to second
Batting: LHB Raúl Aguirre 0-0: Fly out, F7 (Flyball, 7S)
Batting: RHB Herman Cook 0-0: Ball
1-0: Ball
2-0: Ball
3-0: Called Strike
3-1: DOUBLE (Flyball, 89D)
Perry Bothof scores
Luis Jelarde to third
Runner from 3rd tries for Home, SAFE, throw made home
Pitching: LHP Chris O'Toole
Batting: LHB Jeff Rutherford 0-0: Foul Ball, location: 2F
0-1: Foul Ball, location: 2F
0-2: Ball
1-2: Strikes out swinging
Top of the 6th over - 2 run(s), 2 hit(s), 0 error(s), 1 left on base; Virginia Beach 5 - Irving 5
BOTTOM OF THE 6TH
Irving Blue Sox batting - Pitching for Virginia Beach Deuces : RHP Joseph Reed
Batting: RHB Rafael Delgado 0-0: Called Strike
0-1: Swinging Strike
0-2: Ball
1-2: Ground out 5-3 (Groundball, 56)
Batting: RHB Gilberto Díaz 0-0: Ball
1-0: Ball
2-0: Swinging Strike
2-1: TRIPLE (Line Drive, 8RM)
Batting: LHB Carlos Garza 0-0: Fly out, F6 (Popup, 6D)
Batting: RHB Jarred Morgan 0-0: Ball
1-0: Swinging Strike
1-1: Foul Ball, location: 2F
1-2: Strikes out swinging
Bottom of the 6th over - 0 run(s), 1 hit(s), 0 error(s), 1 left on base; Virginia Beach 5 - Irving 5
TOP OF THE 7TH
Virginia Beach Deuces batting - Pitching for Irving Blue Sox : LHP Chris O'Toole
Pitching: LHP Gilberto Ramírez
Batting: RHB José Bravo 0-0: Called Strike
0-1: Ground out 6-3 (Groundball, 6)
Pinch Hitting: RHB Luis Sáenz 0-0: SINGLE (Groundball, 34D)
Pinch Hitting: RHB Christian O'Neal 0-0: Ball
1-0: Called Strike
1-1: Foul Ball, location: 2F
1-2: Fly out, F7 (Flyball, 7M)
Batting: LHB Perry Bothof 0-0: Ball
1-0: Ground out 1-3 (Groundball, 13)
Top of the 7th over - 0 run(s), 1 hit(s), 0 error(s), 1 left on base; Virginia Beach 5 - Irving 5
BOTTOM OF THE 7TH
Irving Blue Sox batting - Pitching for Virginia Beach Deuces : RHP Joseph Reed
Now at C: Luis Sáenz
Now at SS: Scott Miller
Batting: SHB Ricardo Franco 0-0: Ball
1-0: Ball
2-0: Ground out 4-3 (Groundball, 4)
Batting: LHB Esteban Casillas 0-0: Ball
1-0: Fly out, F8 (Flyball, 8LM)
Pinch Hitting: RHB Alfredo Chávez 0-0: Ground out 3-1 (Groundball, 34S)
Bottom of the 7th over - 0 run(s), 0 hit(s), 0 error(s), 0 left on base; Virginia Beach 5 - Irving 5
TOP OF THE 8TH
Virginia Beach Deuces batting - Pitching for Irving Blue Sox : LHP Gilberto Ramírez
Now at 2B: Noah Smith
Batting: SHB Vincente Ybarra 0-0: Ball
1-0: Foul Ball, location: 2F
1-1: Called Strike
1-2: Foul Ball, location: 2F
1-2: Ball
2-2: SINGLE (Line Drive, 78S)
Batting: RHB Luis Jelarde 0-0: Ball
Vincente Ybarra steals 2nd base
1-0: Intentional Walk
Pinch Hitting: RHB Jim Unknown 0-0: Swinging Strike
0-1: Ball
1-1: Foul Ball, location: 2F
1-2: Strikes out swinging
Batting: RHB Herman Cook 0-0: Fly out, F7 (Flyball, 7M)
Pinch Hitting: RHB Rafael Hernández 0-0: Ball
1-0: Called Strike
1-1: Called Strike
1-2: Ball
2-2: Foul Ball, location: 2F
2-2: Strikes out swinging
Top of the 8th over - 0 run(s), 1 hit(s), 0 error(s), 2 left on base; Virginia Beach 5 - Irving 5
BOTTOM OF THE 8TH
Irving Blue Sox batting - Pitching for Virginia Beach Deuces : RHP Joseph Reed
Now at 1B: Jim Unknown
Now in LF: Jim Unknown
Batting: RHB Carlos Maldonado 0-0: Foul Ball, location: 2F
0-1: Foul Ball, location: 2F
0-2: Ball
1-2: Ball
2-2: Strikes out swinging
Batting: SHB Arnold Cramer 0-0: Ball
1-0: Ball
2-0: Foul Ball, location: 2F
2-1: Ground out 4-3 (Groundball, 4)
Pinch Hitting: RHB Robbie Young 0-0: Ball
1-0: Ground out 5-3 (Groundball, 56S)
Bottom of the 8th over - 0 run(s), 0 hit(s), 0 error(s), 0 left on base; Virginia Beach 5 - Irving 5
TOP OF THE 9TH
Virginia Beach Deuces batting - Pitching for Irving Blue Sox : LHP Gilberto Ramírez
Pitching: RHP Andy Perry
Now in CF: Kyle James
Batting: RHB José Bravo 0-0: Ground out 5-3 (Groundball, 56)
Batting: RHB Luis Sáenz 0-0: Ball
1-0: Fly out, F7 (Line Drive, 7M)
Batting: RHB Scott Miller 0-0: SINGLE (Line Drive, 8RS)
Batting: LHB Perry Bothof 0-0: Ball
1-0: Ball
2-0: Called Strike
2-1: Swinging Strike
2-2: Ball
3-2: Strikes out swinging
Top of the 9th over - 0 run(s), 1 hit(s), 0 error(s), 1 left on base; Virginia Beach 5 - Irving 5
BOTTOM OF THE 9TH
Irving Blue Sox batting - Pitching for Virginia Beach Deuces : RHP Joseph Reed
Pitching: LHP Jim Unknown
Pinch Hitting: RHB Jim Unknown 0-0: Called Strike
0-1: Ball
1-1: Swinging Strike
1-2: Strikes out looking
Batting: LHB Carlos Garza 0-0: Foul Ball, location: 2F
0-1: Ground out 2-3 (Groundball, 2R)
Batting: RHB Jarred Morgan 0-0: Ground out 6-3 (Groundball, 6)
Bottom of the 9th over - 0 run(s), 0 hit(s), 0 error(s), 0 left on base; Virginia Beach 5 - Irving 5
TOP OF THE 10TH
Virginia Beach Deuces batting - Pitching for Irving Blue Sox : RHP Andy Perry
Now at 3B: Jim Unknown
Batting: SHB Vincente Ybarra 0-0: Called Strike
0-1: Swinging Strike
0-2: Ball
1-2: Ground out 6-3 (Groundball, 6)
Batting: RHB Luis Jelarde 0-0: Ball
1-0: Called Strike
1-1: Called Strike
1-2: Strikes out swinging
Pinch Hitting: LHB Stephen Baird 0-0: Ball
1-0: Swinging Strike
1-1: Called Strike
1-2: Ball
2-2: Strikes out swinging
Top of the 10th over - 0 run(s), 0 hit(s), 0 error(s), 0 left on base; Virginia Beach 5 - Irving 5
BOTTOM OF THE 10TH
Irving Blue Sox batting - Pitching for Virginia Beach Deuces : LHP Jim Unknown
Now at 1B: Stephen Baird
Pinch Hitting: RHB Robert Jackson 0-0: Called Strike
0-1: Called Strike
0-2: Strikes out swinging
Batting: LHB Esteban Casillas 0-0: Called Strike
0-1: Called Strike
0-2: Strikes out swinging
Pinch Hitting: RHB Daniel Molina 0-0: Ball
1-0: Ball
2-0: Ball
3-0: Foul Ball, location: 2F
3-1: Base on Balls
Batting: RHB Carlos Maldonado 0-0: Ball
1-0: Called Strike
1-1: Foul Ball, location: 2F
1-2: Fly out, F8 (Line Drive, 78D)
Bottom of the 10th over - 0 run(s), 0 hit(s), 0 error(s), 1 left on base; Virginia Beach 5 - Irving 5
TOP OF THE 11TH
Virginia Beach Deuces batting - Pitching for Irving Blue Sox : RHP Andy Perry
Pitching: RHP Monty Whitney
Now at 1B: Daniel Molina
Now at 2B: Coy Poston
Batting: RHB Herman Cook 0-0: SINGLE (Groundball, 56D)
Batting: LHB Jim Unknown 0-0: Called Strike
0-1: Ball
1-1: Sac Bunt - play at first, batter OUT! 4-3
Herman Cook to second
Batting: RHB José Bravo 0-0: Ball
1-0: Foul Ball, location: 2F
1-1: Fly out, F6 (Line Drive, 6)
Batting: RHB Luis Sáenz 0-0: Ball
1-0: Fly out, F8 (Flyball, 8RXD)
Top of the 11th over - 0 run(s), 1 hit(s), 0 error(s), 1 left on base; Virginia Beach 5 - Irving 5
BOTTOM OF THE 11TH
Irving Blue Sox batting - Pitching for Virginia Beach Deuces : LHP Jim Unknown
Pitching: RHP Artie Beardsall
Batting: SHB Arnold Cramer 0-0: Ball
1-0: Foul Ball, location: 2F
1-1: Foul Ball, location: 2F
1-2: Foul Ball, location: 2F
1-2: Foul Ball, location: 2F
1-2: Ball
2-2: Ball
3-2: Base on Balls
Pinch Hitting: RHB Christovão Galho Pickoff Throw to First - Out!
0-0: Called Strike
0-1: Foul Ball, location: 2F
0-2: Foul Ball, location: 2F
0-2: Ball
1-2: Ground out 5-3 (Groundball, 56S)
Batting: RHB Jim Unknown 0-0: Ball
1-0: Ball
2-0: Ball
3-0: Called Strike
3-1: Base on Balls
Batting: LHB Carlos Garza 0-0: Ball
1-0: SINGLE (Groundball, 56D)
Jim Unknown to second
Batting: RHB Jarred Morgan 0-0: Ball
1-0: Foul Ball, location: 2F
1-1: SINGLE (Flyball, 8RS)
Jim Unknown to third
Carlos Garza to second
Runner from 3rd tries for Home, SAFE, no throw or cutoff
This league is powered by Out of the Park Baseball, the baseball management simulation game for PC, Mac and Linux
Monday, October 3rd, 2016 - OOTP Baseball 16.9 Build 39